 Dungeon Crawl Stone Soup version 0.22-b1-21-g5cfc168 (webtiles) character file.

209 letownia2 the Ruffian (level 5, 25/41 HPs)
             Began as a Demonspawn Fighter on Aug 3, 2018.
             Quit the game on level 5 of the Dungeon.
             The game lasted 00:05:24 (1153 turns).

letownia2 the Ruffian (Demonspawn Fighter)          Turns: 1153, Time: 00:05:25

Health: 25/41      AC:  7    Str: 21    XL:     5   Next: 55%
Magic:  5/5        EV:  7    Int: 10    God:
Gold:   107        SH: 15    Dex: 13    Spells: 4/4 levels left

rFire    . . .     SeeInvis .     - Unarmed
rCold    . . .     Gourm    .   x - +2 shield
rNeg     . . .     Faith    .   a - +0 scale mail
rPois    .         Spirit   .   (helmet restricted)
rElec    .         Reflect  +   (no cloak)
rCorr    .         Harm     .   e - +0 pair of gloves
MR       .....                  (no boots)
Stlth    +.........             j - +4 amulet of reflection
HPRegen  0.13/turn              k - ring of stealth
MPRegen  0.09/turn              (no ring)

@: mighty
A: antennae 1, spiny 1
a: no special abilities


You were on level 5 of the Dungeon.
You were not hungry.

You visited 1 branch of the dungeon, and saw 5 of its levels.

You collected 107 gold pieces.

Inventory:

Missiles
 b - 17 poisoned needles
 g - 23 bolts
 i - 31 sling bullets
 t - 6 curare-tipped needles
Armour
 a - a +0 scale mail (worn)
 e - a +0 pair of gloves (worn)
 q - a +0 helmet
 x - a +2 shield (worn)
Jewellery
 j - a +4 amulet of reflection (around neck)
 k - a ring of stealth (left hand)
 p - an uncursed ring of poison resistance {unknown}
 v - an uncursed ring of fire {unknown}
Scrolls
 m - 2 scrolls of remove curse {unknown}
 o - a scroll of enchant weapon {unknown}
 u - a scroll of magic mapping {unknown}
Potions
 c - a potion of might
 f - a potion of curing {unknown}
 h - a potion of invisibility {unknown}
 l - a potion of lignification {unknown}
 n - a potion of berserk rage {unknown}
 r - a potion of mutation {unknown}
 s - a potion of degeneration {unknown}
Comestibles
 d - 3 rations


   Skills:
 - Level 3.0 Fighting
 - Level 2.6 Armour
 - Level 2.6 Shields
 + Level 5.4 Unarmed Combat


You had 4 spell levels left.
You didn't know any spells.
Your spell library was empty.

Dungeon Overview and Level Annotations

Branches:
Dungeon (5/15)
 Temple: D:4-7

Altars:
The Shining One

Shops:
D:4 [


Innate Abilities, Weirdness & Mutations

You have a pair of small antennae on your head.
You are partially covered in sharp spines.


Message History

You hit the sky beast.
The sky beast is heavily wounded.
You block the sky beast's attack.
You feel very mighty all of a sudden. The sky beast is struck by your spines.
The sky beast barely misses you.
You closely miss the sky beast.
The sky beast is heavily wounded.
You punch the sky beast!
The sky beast is almost dead.
The sky beast hits you but does no damage.
You punch the sky beast!
You kill the sky beast!
Your Unarmed Combat skill increases to level 5!
You have reached level 5!
Your demonic ancestry asserts itself...
A pair of antennae grows on your head!
Your +0 helmet falls away!
Found a ration.
d - 3 rations (gained 1) Are you sure you want to abandon this character and quit the game? (Confirm with "yes".)

############ #...@........
#.########.#. #.# #.#.# #.#
##.#.#### ##########.##
##.......# ###...........###
#........#
#...............###.......<###
#.#.###.####..#.##...........#
# #.##...###..#.##.........#.#


There were no monsters in sight!

Vanquished Creatures
  A sky beast (D:5)
  A howler monkey (D:4)
  A worker ant (D:4)
  2 adders
  2 worms
  A dart slug (D:3)
  2 leopard geckos
  5 orcs
  A giant cockroach (D:3)
  3 goblins
  A hobgoblin (D:3)
  3 kobolds
  A quokka (D:2)
  A ball python (D:4)
  A bat (D:3)
  A frilled lizard (D:4)
  2 jackal skeletons (D:4)
  2 rats
31 creatures vanquished.

Notes
Turn   | Place    | Note
-------+----------+-------------------------------------------
     0 | D:1      | letownia2 the Demonspawn Fighter began the quest for the Orb.
     0 | D:1      | Reached XP level 1. HP: 18/18 MP: 1/1
    92 | D:1      | Reached skill level 2 in Unarmed Combat
   157 | D:2      | Gained mutation: You are partially covered in sharp spines. [demonic ancestry]
   157 | D:2      | Reached XP level 2. HP: 24/24 MP: 2/2
   223 | D:3      | Reached skill level 3 in Unarmed Combat
   231 | D:3      | Found a glowing golden altar of the Shining One.
   273 | D:3      | Reached XP level 3. HP: 18/29 MP: 3/3
   450 | D:4      | Found Cukaqext's Antique Armour Boutique.
   608 | D:5      | Entered Level 5 of the Dungeon
   749 | D:4      | Reached skill level 4 in Unarmed Combat
   749 | D:4      | Reached XP level 4. HP: 35/35 MP: 4/4
  1112 | D:5      | Noticed a sky beast
  1141 | D:5      | Killed a sky beast
  1141 | D:5      | Reached skill level 5 in Unarmed Combat
  1141 | D:5      | Gained mutation: You have a pair of small antennae on your head. [demonic ancestry]
  1141 | D:5      | Reached XP level 5. HP: 23/41 MP: 5/5
  1153 | D:5      | Quit the game

Skill      XL: |  1  2  3  4 |
---------------+-------------+-----
Unarmed Combat | 2 3 4 5 |  5.4
Fighting       | |  3.0
Armour         | |  2.6
Shields        | |  2.6

Action                   |  1- 3 |  4- 6 || total
-------------------------+-------+-------++-------
Melee: Unarmed           |   158 |    27 ||   185
  Use: Potion            |       |     1 ||     1
 Stab: Sleeping          |     1 |       ||     1
  Eat: Chunk             |       |     1 ||     1
Armor: Scale mail        |    43 |     3 ||    46
Dodge: Dodged            |    31 |     2 ||    33
Block: Shield            |    76 |     8 ||    84
       Other             |     5 |       ||     5
       Reflection        |     1 |       ||     1
